 Dungeon Sprint DCSS version 0.03.2.1-72-g33da5a4ea5 (webtiles) character file.

Game seed: 11015570153873041470, levelgen mode: deterministic

252 esc the Nimble (level 7, 0/5 HPs) Fairy Earth Elementalist. Began on Feb 13, 2021. Was an Elder of Vehumet. Slain by a six-headed hydra (1 damage) ... summoned by a witch ... in the Dungeon (Sprint VI: "Thunderdome"). The game lasted 00:03:42 (509 turns).

esc the Nimble (Fairy Earth Elementalist)            Turns: 509, Time: 00:03:42

Health: 0/5        AC:  0    Str:  2    XL:     7 ^: 312
Magic:  6/6        EV: 39    Int: 21    God:    Vehumet [4* [110]]
Gold:   420        SH:  0    Dex: 18    Spells: 26/27 levels left

rFire    . . .     Vision   .   o - ring of Equilibrium {rC+ MP+9 Int+2 Stlth+}
rCold    + . .     Gourm    .
rNeg     . . .     Faith    .
rPois    .         Spirit   .
rElec    .         Reflect  .
rCorr    .         Harm     .
MR       +....     NoTele   +
Stlth    ++........
HPRegen  0.11/turn
MPRegen  0.16/turn

@: glowing, slow
A: tiny, no armour or weapons, only one jewelry slot, no melee attacks, fairy
magic, fairy shield, fairy light, decreased potion and divine healing, slowness
1, able to fly, insubstantial
a: Fly, Renounce Religion


You were in the Dungeon.
You worshipped Vehumet.
Vehumet was greatly pleased with you.
You were not hungry.

You visited 1 branch You collected 600 gold pieces.
You spent 180 gold pieces at shops.

Inventory:

Jewellery
 l - the ring of Truth {rPois Str+3 Dex+5 Stlth-}
   (You bought it in a shop in the Dungeon)

   [ring of dexterity]

   It affects your strength (+3).
   It affects your dexterity (+5).
   It protects you from poison.
   It makes you less stealthy.
 m - the cursed ring "Ysusal" {Fire rElec, (Curse: *Corrode)}
   (You bought it in a shop in the Dungeon)

   [ring of fire]

   It enhances your fire magic.
   It protects you from fire.
   It makes you vulnerable to cold.
   It insulates you from electricity.
   It has a curse placed upon it.
   { (Curse: *Corrode)}
 n - the cursed ring "Antenalo" {rF+++ rN+ MP-9 Int+2 Slay+2, (Curse: -Vis rC-)}
   (You bought it in a shop in the Dungeon)

   [ring of positive energy]

   It affects your intelligence (+2).
   It affects your accuracy and damage with ranged weapons and melee attacks
   (+2).
   It renders you almost immune to fire.
   It protects you from negative energy.
   It affects your magic capacity (-9).
   It has a curse placed upon it.
   { (Curse: -Vis rC-)}
 o - the ring of Equilibrium (around core) {rC+ MP+9 Int+2 Stlth+}
   (You bought it in a shop in the Dungeon)

   [ring of magical power]

   It affects your intelligence (+2).
   It protects you from cold.
   It affects your magic capacity (+9).
   It makes you more stealthy.
 q - an uncursed amulet of guardian spirit
Wands
 i - a wand of acid (5)
 j - a wand of iceblast (5)
Scrolls
 h - 4 scrolls of blinking
 k - 3 scrolls of fog
Potions
 a - a potion of resistance
 c - a potion of curing
 d - 4 potions of heal wounds
 e - 3 potions of haste
 f - 2 potions of magic
 g - a potion of berserk rage
Comestibles
 b - a ration


   Skills:
 + Level 12.5 Dodging
 - Level 1.4 Stealth
 + Level 10.7 Spellcasting
   Level 1.0 Transmutations
 + Level 10.1 Earth Magic


You had 26 spell levels left.
You knew the following spells:

 Your Spells              Type           Power        Failure   Level  Hunger
a - Sandblast             Erth           50 (50)      1%          1    None

Your spell library contained the following spells:

 Spells                   Type           Power        Failure   Level  Hunger
 Flame Tongue             Fire           11 (30)      1%          1    None
 Foxfire                  Fire           11 (25)      1%          1    None
 Passwall                 Tmut/Erth      34 (120)     1%          2    None
 Stone Arrow              Erth           50 (50)      1%          3    None
 Lee's Rapid Deconstruct  Erth           52 (200)     1%          5    ####...
 Methodical Deconstructi  Erth           52 (200)     2%          5    ####...
 Static Discharge         Air            11 (100)     5%          3    None
 Petrify                  Tmut/Erth      34 (100)     6%          4    ##.....
 Hailstorm                Ice            11 (100)     17%         4    ##.....
 Irradiate                Tmut/Pois      13 (200)     34%         5    ####...


Dungeon Overview and Level Annotations

Branches:
Dungeon (1/1)

Altars:
Cheibriados
Dithmenos
Fedhas Madash
Gozag Ym Sagoz
Kikubaaqudgha
Makhleb
Okawaru
Qazlal
Ru
Sif Muna
Trog
Uskayaw
Vehumet
Wu Jian
Xom
Yredelemnul
Zin
The Shining One
Beogh
Jiyva
Lugonu

Shops:
D *[%?*?*:[((!!!!


Innate Abilities, Weirdness & Mutations

You are too small to use any gear.
You can wear a single ring or amulet completely around your body.
You are incapable of melee of any kind.
Your magic reserves are extremely low but spells that normally cost one mana are free and all other spells cost one mana.
You are extremely frail but all attacks that strike you do exactly one damage.
You exude a bright light in a small radius around yourself.
The effect of potions and godly healing effects is reduced to match your tiny health and magic reserves.
You cover ground slowly.
You can fly continuously.
Your insubstantial form boosts your evasion and grants immunity to sticky flames, nets and constriction.


Message History

Aim: a witch, wielding a cursed +1 dagger of speed {(Curse: Fragile)} and wearing a +0 robe (severely wounded (49/130))
The blast of sand hits the witch (16)!
The witch is severely wounded. (33/130) HP The vampire mosquito closely misses you (0).
The six-headed hydra bites you (12)! The six-headed hydra bites you (8)!
The six-headed hydra closely misses you (0).
The six-headed hydra bites you (10)! The six-headed hydra bites you (1).
* * * LOW HITPOINT WARNING * * *
The six-headed hydra closely misses you (0).
The vampire mosquito misses you (0).
Casting: Sandblast (safe; 1% risk of failure)
Confirm with . or Enter, or press ? or * to list all spells.
Aiming: Sandblast (safe; 1% risk of failure)
Press: ? - help, Shift-Dir - straight line, f/p - witch
Aim: a witch, wielding a cursed +1 dagger of speed {(Curse: Fragile)} and wearing a +0 robe (severely wounded (33/130))
The blast of sand hits the witch (21)!!
The witch is almost dead. (12/130) HP The vampire mosquito completely misses you (0).
The six-headed hydra bites you (15)!
You die...

#⌠.....÷....###...###..........⌠
#⌠..........# #.<.# #..........⌠
#⌠..........###...###..........⌠
##...........÷.###...[.........#
###∩........8.# #.8....)...∩###
###___......###p....._[_∩##
#####.8.........8.######
#⌠....D......§# ###...@y....###
#_......._# #_..D...._#
#_........# #∩.......∩#
##∩.....∩## ##.....## ##§⌠⌠##
#####


You could see a six-headed hydra, a four-headed hydra, a witch and a vampire
mosquito.

Vanquished Creatures
  2 wraiths (D)
  A floating eye (D)
  Blork the orc (D)
  2 wights (D)
  5 jellies (D)
  A sewer rat (D)
  4 orcs (D)
  2 quokkas (D)
  2 rats (D)
  A spectral bat (D)
21 creatures vanquished.

Notes
Turn   | Place    | Note
-------+----------+-------------------------------------------
     0 | D        | esc the Fairy Earth Elementalist began the quest for the
                  | Orb.
     0 | D        | Reached XP level 1. HP: 3/3 MP: 3/3
     1 | D        | Found a roughly hewn altar of Beogh.
     1 | D        | Found a blossoming altar of Fedhas.
     2 | D        | Found an iron altar of Okawaru.
     2 | D        | Found a radiant altar of Vehumet.
     3 | D        | Found a shimmering blue altar of Sif Muna.
     3 | D        | Found a stormy altar of Qazlal.
     4 | D        | Found Ilouffip's Delicious Food.
     4 | D        | Found an ancient bone altar of Kikubaaqudgha.
     4 | D        | Found a glowing silver altar of Zin.
     5 | D        | Found Veq Byuph's Jewellery.
     5 | D        | Found Piddotih's Advanced Armour.
     5 | D        | Round 1.
    13 | D        | Bought a coiled steel ring for 45 gold pieces
    13 | D        | Identified the ring of Truth {rPois Str+3 Dex+5 Stlth-}
                  | (You bought it in a shop in the Dungeon)
    13 | D        | Bought a sparkling iron ring for 45 gold pieces
    13 | D        | Identified the cursed ring "Ysusal" {Fire rElec, (Curse:
                  | *Corrode)} (You bought it in a shop in the Dungeon)
    13 | D        | Bought an ancient granite ring for 45 gold pieces
    13 | D        | Identified the cursed ring "Antenalo" {rF+++ rN+ MP-9 Int+2
                  | Slay+2, (Curse: -Vis rC-)} (You bought it in a shop in the
                  | Dungeon)
    13 | D        | Bought a steaming steel ring for 45 gold pieces
    13 | D        | Identified the ring of Equilibrium {rC+ MP+9 Int+2 Stlth+}
                  | (You bought it in a shop in the Dungeon)
    17 | D        | Found a bloodstained altar of Trog.
    18 | D        | Found a shadowy altar of Dithmenos.
    19 | D        | Found a hide-covered altar of Uskayaw.
    20 | D        | Found Hehocyel's Premium Goods.
    21 | D        | Found Opuchol's Miscellaneous Merchandise.
    21 | D        | Found Benwir's Basic Armour.
    22 | D        | Found a basalt altar of Yredelemnul.
    22 | D        | Found a glowing golden altar of the Shining One.
    22 | D        | Found Gineg's Weapon Rack.
    37 | D        | Found a sacrificial altar of Ru.
    40 | D        | Noticed Blork the orc
    55 | D        | Found a viscous altar of Jiyva.
    55 | D        | Found a burning altar of Makhleb.
    56 | D        | Found Saploon's Do-It-Yourself Clinic.
    56 | D        | Found a corrupted altar of Lugonu.
    56 | D        | Found Sofav's Distillery.
    57 | D        | Found Xuabidy's Bottled Wisdom.
    57 | D        | Found Ofefycyll's Distillery.
    63 | D        | Reached skill level 3 in Dodging
    79 | D        | Reached skill level 4 in Dodging
    79 | D        | Reached XP level 2. HP: 1/3 MP: 3/3
    86 | D        | Killed Blork the orc
    86 | D        | Arena points: 12 (+12) [x2]
    86 | D        | Reached skill level 6 in Dodging
    86 | D        | Reached skill level 5 in Spellcasting
    86 | D        | Reached skill level 5 in Earth Magic
    86 | D        | Reached XP level 3. HP: 3/4 MP: 3/3
    86 | D        | Reached XP level 4. HP: 3/4 MP: 3/3
   106 | D        | Found an opulent altar of Gozag.
   107 | D        | Found a snail-covered altar of Cheibriados.
   108 | D        | Found an ornate altar of the Wu Jian Council.
   109 | D        | Found Wagheeq's Staff Store.
   110 | D        | Found a shimmering altar of Xom.
   110 | D        | Found Xiubihoa's Magic Scroll Shop.
   110 | D        | Found Hossuqo's Must-Have Magic.
   110 | D        | Found Enoigedu's Magic Scroll Shop.
   118 | D        | Became a worshipper of Vehumet
   131 | D        | Round 2.
   193 | D        | Reached * piety under Vehumet
   193 | D        | Offered knowledge of Flame Tongue by Vehumet.
   215 | D        | Reached skill level 7 in Dodging
   231 | D        | Arena points: 48 (+36) [x3]
   274 | D        | Round 3.
   292 | D        | Noticed a floating eye
   293 | D        | Killed a floating eye
   293 | D        | Offered knowledge of Foxfire by Vehumet.
   293 | D        | Reached ** piety under Vehumet
   293 | D        | Reached skill level 8 in Dodging
   293 | D        | Reached XP level 5. HP: 4/4 MP: 3/3
   307 | D        | Reached skill level 9 in Dodging
   324 | D        | Offered knowledge of Static Discharge by Vehumet.
   324 | D        | Reached XP level 6. HP: 5/5 MP: 3/3
   326 | D        | Reached *** piety under Vehumet
   326 | D        | Reached skill level 10 in Dodging
   356 | D        | Arena points: 132 (+84) [x4]
   429 | D        | Round 4.
   437 | D        | Offered knowledge of Hailstorm by Vehumet.
   438 | D        | Noticed a wraith
   446 | D        | Noticed a wraith
   450 | D        | Killed a wraith
   450 | D        | Reached **** piety under Vehumet
   450 | D        | Reached skill level 11 in Dodging
   450 | D        | Reached skill level 10 in Spellcasting
   450 | D        | Reached XP level 7. HP: 5/5 MP: 4/4
   453 | D        | Offered knowledge of Irradiate by Vehumet.
   461 | D        | Killed a wraith
   461 | D        | Reached skill level 12 in Dodging
   461 | D        | Reached skill level 10 in Earth Magic
   470 | D        | Noticed a wraith
   475 | D        | Arena points: 252 (+120) [x5]
   488 | D        | Round 5.
   500 | D        | Noticed a witch
   503 | D        | Noticed a four-headed hydra
   506 | D        | Noticed a six-headed hydra
   509 | D        | Slain by a six-headed hydra

Levels and vault maps discovered:
D:        arena_sprint

Skill      XL: |  1  2  3  4  5  6  7 |
---------------+----------------------+-----
Dodging        | 4 6 8 9 11 12 | 12.5
Spellcasting   | 3 5 7 8 10 | 10.7
Earth Magic    | 5 7 9 10 | 10.1
Stealth        | |  1.4
Transmutations | |  1.0

Action                   |  1- 3 |  4- 6 |  7- 9 || total
-------------------------+-------+-------+-------++-------
 Cast: Sandblast         |    14 |    30 |    21 ||    65
  Use: Potion            |     1 |       |       ||     1
Dodge: Dodged            |     5 |    25 |    21 ||    51
